 Dungeon Sprint DCSS version 0.27-a0-1196-g3e9cee4cb2 (webtiles) character file.

Game seed: 5659103565736798554

5154 mhtbhm the Earth Mage (level 10, -1/58 HPs)
             Began as a Gargoyle Earth Elementalist on May 28, 2021.
             Was a High Priest of Vehumet.
             Slain by a catoblepas (28 damage)
             ... in the Dungeon (Sprint IX: "|||||||||||||||||||||||||||||").
             The game lasted 00:04:31 (2317 turns).

mhtbhm the Earth Mage (Gargoyle Earth Elementalist) Turns: 2317, Time: 00:04:32

Health: -1/58      AC: 11    Str: 12    XL:     10   Next: 59%
Magic:  4/28       EV: 17    Int: 19    God:    Vehumet [*****.]
Gold:   0          SH:  0    Dex: 10    Spells: 23/38 levels left

rFire    . . .     SeeInvis .   a - +2 morningstar (vorpal)
rCold    . . .     Faith    .   (no shield)
rNeg     + . .     Spirit   .   c - +0 robe
rPois    ∞         Reflect  .   m - +0 helmet
rElec    +         Harm     .   l - +0 cloak
rCorr    .         Rampage  .   (no gloves)
Will     .....     NoTele   +   (no boots)
Stlth    ++........             (no amulet)
HPRegen  0.19/turn              n - +2 ring of evasion
MPRegen  0.21/turn              o - +2 ring of evasion

@: studying Short Blades
A: sickness immunity, AC +7, negative energy resistance 1, electricity
resistance, torment resistance 1, petrification resistance
a: Renounce Religion


You were in the Dungeon.
You worshipped Vehumet.
Vehumet was extremely pleased with you.
You visited 1 branch

Inventory:

Hand Weapons
 a - a +2 vorpal morningstar (weapon)
Missiles
 b - a stone
Armour
 c - a +0 robe (worn)
 l - a +0 cloak (worn)
 m - a +0 helmet (worn)
Magical Staves
 q - a staff of poison
Jewellery
 n - a +2 ring of evasion (left hand)
 o - a +2 ring of evasion (right hand)
Wands
 k - a wand of acid (7)
Scrolls
 i - 2 scrolls of blinking
 j - 2 scrolls of amnesia
 r - a scroll of identify
 s - 2 scrolls of enchant weapon
 t - 2 scrolls of fog
 u - 2 scrolls of enchant armour
Potions
 d - 6 potions of curing
 e - 5 potions of heal wounds
 f - 2 potions of haste
 g - 4 potions of magic
 h - a potion of invisibility
 p - a potion of mutation


   Skills:
 + Level 4.7 Fighting
 + Level 5.0 Maces & Flails
 + Level 6.0 Dodging
 - Level 3.1 Stealth
 + Level 14.9 Spellcasting
 + Level 1.0 Transmutations
 + Level 17.1 Earth Magic
 + Level 1.6 Evocations


You had 23 spell levels left.
You knew the following spells:

 Your Spells              Type           Power      Damage    Failure   Level
a - Sandblast             Erth           100%       2d20      0%          1
b - Passwall              Tmut/Erth      40%        N/A       1%          2
c - Stone Arrow           Conj/Erth      92%        3d12      1%          3
d - Lee's Rapid Deconstr  Erth           34%        3d18*     1%          5
e - Petrify               Tmut/Erth      48%        N/A       1%          4

Your spell library contained the following spells:

 Spells                   Type           Power      Damage    Failure   Level
 Hailstorm                Conj/Ice       14%        3d5       12%         4


Dungeon Overview and Level Annotations

Branches:
Dungeon (1/1)

Altars:
Cheibriados
Dithmenos
Elyvilon
Fedhas
Gozag
Hepliaklqana
Kikubaaqudgha
Makhleb
Nemelex Xobeh
Okawaru
Qazlal
Ru
Sif Muna
Trog
Uskayaw
Vehumet
Wu Jian
Xom
Yredelemnul
Zin
The Shining One
Beogh
Jiyva
Lugonu


Innate Abilities, Weirdness & Mutations

You are immune to sickness and miasma.
Your stone body is resilient. (AC +7)
You are immune to poison.
You resist negative energy. (rN+)
You are resistant to electric shocks. (rElec)
You are resistant to unholy torment.
You are immune to petrification.


Message History

Press: ? - help, Dir - move target, f - death yak Fragment what (e.g. wall or brittle monster)?: a death yak (lightly wounded)
An open door to Lair:6.
The stone door frame shatters!
The blast of rock fragments hits the death yak!
The death yak is lightly wounded.
The blast of rock fragments hits the catoblepas.
The catoblepas is heavily wounded.
The catoblepas gores you!!
* * * LOW HITPOINT WARNING * * *
Unknown command.
Unknown command.
Unknown command.
Casting: Lee's Rapid Deconstruction (safe; 1% risk of failure)
Confirm with . or Enter, or press ? or * to list all spells.
Aiming: Lee's Rapid Deconstruction (safe; 1% risk of failure)
Press: ? - help, Dir - move target, f/p - death yak Fragment what (e.g. wall or brittle monster)?: a death yak (lightly wounded)
An open door to Lair:6.
Okay, then.
You feel much better.
A death yak comes into view.
The catoblepas breathes a plume of calcifying dust at you.
The blast of calcifying dust hits you but does no damage.
Casting: Lee's Rapid Deconstruction (safe; 1% risk of failure)
Confirm with . or Enter, or press ? or * to list all spells.
Aiming: Lee's Rapid Deconstruction (safe; 1% risk of failure)
Press: ? - help, Dir - move target, f/p - death yak Fragment what (e.g. wall or brittle monster)?: a death yak (lightly wounded)
An open door to Lair:6.
The stone door frame shatters!
The blast of rock fragments hits the death yak!!
The death yak is heavily wounded.
The blast of rock fragments hits the yak!!
The yak is almost dead.
The blast of rock fragments hits the catoblepas!
The catoblepas is severely wounded.
The death yak snorts and paws the ground.
The catoblepas gores you!!
You die...

▓.▓.▓.▓
▓.▓.▓.▓
▓.▓.▓Y▓
▓)▓.▓Y▓
▓.▓.▓Y▓
▓)▓.▓Y▓
▓'▓.▓Y▓
▓_▓.▓Y▓
▓_▓.▓@▓
▓_▓.▓§▓
▓_▓.▓§▓
▓_▓.▓.▓
▓_▓.▓.▓
▓_▓.▓.▓
▓_▓.▓.▓
▓_▓.▓.▓
▓_▓.▓÷▓


You could see 3 death yaks, a catoblepas and 2 yaks.

Vanquished Creatures
  A deep elf pyromancer (D)
  A cyclops (D)
  2 elephants (D)
  2 black mambas (D)
  A gargoyle (D)
  A cane toad (D)
  A komodo dragon (D)
  A polar bear (D)
  A slime creature (D)
  2 blink frogs (D)
  A wyvern (D)
  A wraith (D)
  A basilisk (D)
  4 water moccasins (D)
  An orc warrior (D)
  A wolf (D)
  A centaur (D)
  3 bullfrogs (D)
  A howler monkey (D)
  A gnoll shaman (D)
  2 jellies (D)
  An orc wizard (D)
  An adder (D)
  An adder zombie (D)
  A bat zombie (D)
  An endoplasm (D)
  A goblin (D)
  A ball python (D)
  A frilled lizard (D)
  A giant cockroach zombie (D)
  A rat (D)
40 creatures vanquished.

Notes
Turn   | Place    | Note
-------+----------+-------------------------------------------
     0 | D        | mhtbhm the Gargoyle Earth Elementalist began the quest for
                  | the Orb.
     0 | D        | Reached XP level 1. HP: 10/10 MP: 3/3
     6 | D        | Reached skill level 4 in Earth Magic
   227 | D        | Noticed a water moccasin
   227 | D        | Noticed a jelly
   227 | D        | Noticed a jelly
   231 | D        | Reached XP level 2. HP: 3/15 MP: 0/5
   472 | D        | Learned a level 2 spell: Passwall
   479 | D        | Reached skill level 6 in Earth Magic
   479 | D        | Reached XP level 3. HP: 20/20 MP: 3/7
   481 | D        | Reached skill level 1 in Transmutations
   481 | D        | Reached skill level 7 in Earth Magic
   481 | D        | Reached XP level 4. HP: 24/24 MP: 1/10
   495 | D        | Killed a water moccasin
   496 | D        | Reached skill level 1 in Fighting
   496 | D        | Reached skill level 5 in Spellcasting
   496 | D        | Reached skill level 9 in Earth Magic
   496 | D        | Reached XP level 5. HP: 5/30 MP: 0/13
   847 | D        | Learned a level 3 spell: Stone Arrow
   853 | D        | Learned a level 5 spell: Lee's Rapid Deconstruction
   858 | D        | Learned a level 4 spell: Petrify
   873 | D        | Found a snail-covered altar of Cheibriados.
   873 | D        | Found a shadowy altar of Dithmenos.
   873 | D        | Found a white marble altar of Elyvilon.
   873 | D        | Found a blossoming altar of Fedhas.
   873 | D        | Found an opulent altar of Gozag.
   874 | D        | Found a hazy altar of Hepliaklqana.
   875 | D        | Found a viscous altar of Jiyva.
   876 | D        | Found an ancient bone altar of Kikubaaqudgha.
   877 | D        | Found a corrupted altar of Lugonu.
   878 | D        | Found a burning altar of Makhleb.
   879 | D        | Found a sparkling altar of Nemelex Xobeh.
   880 | D        | Found an iron altar of Okawaru.
   881 | D        | Found a stormy altar of Qazlal.
   882 | D        | Found a sacrificial altar of Ru.
   883 | D        | Found a shimmering blue altar of Sif Muna.
   884 | D        | Found a bloodstained altar of Trog.
   885 | D        | Found a hide-covered altar of Uskayaw.
   886 | D        | Found a radiant altar of Vehumet.
   887 | D        | Found an ornate altar of the Wu Jian Council.
   888 | D        | Found a shimmering altar of Xom.
   889 | D        | Found a basalt altar of Yredelemnul.
   890 | D        | Found a glowing silver altar of Zin.
   891 | D        | Found a glowing golden altar of the Shining One.
   894 | D        | Became a worshipper of Vehumet
   935 | D        | Noticed an orc warrior
   935 | D        | Noticed a centaur
   938 | D        | Killed a centaur
   938 | D        | Reached * piety under Vehumet
   938 | D        | Offered knowledge of Magic Dart by Vehumet.
   939 | D        | Reached skill level 1 in Maces & Flails
   939 | D        | Reached skill level 10 in Earth Magic
   939 | D        | Reached XP level 6. HP: 35/35 MP: 3/15
   989 | D        | Reached skill level 11 in Earth Magic
   992 | D        | Killed an orc warrior
  1139 | D        | Reached ** piety under Vehumet
  1139 | D        | Offered knowledge of Shock by Vehumet.
  1150 | D        | Noticed a cyclops
  1150 | D        | Noticed a wraith
  1150 | D        | Noticed a slime creature
  1150 | D        | Noticed a gargoyle
  1150 | D        | Noticed a deep elf pyromancer
  1153 | D        | Killed a gargoyle
  1153 | D        | Killed a deep elf pyromancer
  1154 | D        | Reached skill level 5 in Dodging
  1154 | D        | Reached skill level 10 in Spellcasting
  1154 | D        | Reached skill level 13 in Earth Magic
  1154 | D        | Reached XP level 7. HP: 42/42 MP: 6/20
  1154 | D        | Reached XP level 8. HP: 48/48 MP: 6/22
  1200 | D        | Killed a wraith
  1202 | D        | Killed a slime creature
  1202 | D        | Reached *** piety under Vehumet
  1203 | D        | Reached skill level 14 in Earth Magic
  1218 | D        | Killed a cyclops
  1219 | D        | Reached XP level 9. HP: 52/52 MP: 1/24
  1362 | D        | Offered knowledge of Ignite Poison by Vehumet.
  1528 | D        | Noticed a cane toad
  1531 | D        | Offered knowledge of Inner Flame by Vehumet.
  1531 | D        | Reached **** piety under Vehumet
  1531 | D        | Noticed an elephant
  1532 | D        | Reached skill level 1 in Evocations
  1532 | D        | Noticed a black mamba
  1534 | D        | Noticed a komodo dragon
  1535 | D        | Killed a cane toad
  1536 | D        | Reached skill level 15 in Earth Magic
  1554 | D        | Killed a black mamba
  1554 | D        | Reached ***** piety under Vehumet
  1555 | D        | Reached skill level 5 in Maces & Flails
  1634 | D        | Killed a komodo dragon
  1635 | D        | Reached XP level 10. HP: 24/58 MP: 4/27
  1663 | D        | Killed an elephant
  1663 | D        | Offered knowledge of Fulminant Prism by Vehumet.
  1664 | D        | Reached skill level 16 in Earth Magic
  1983 | D        | Noticed an elephant
  1985 | D        | Offered knowledge of Hailstorm by Vehumet.
  1988 | D        | Noticed a black mamba
  1991 | D        | Killed an elephant
  1994 | D        | Killed a black mamba
  1995 | D        | Reached skill level 17 in Earth Magic
  2310 | D        | Noticed a death yak
  2310 | D        | Noticed a death yak
  2310 | D        | Noticed a catoblepas
  2316 | D        | Noticed a death yak
  2317 | D        | Slain by a catoblepas

Illustrated notes

Levels and vault maps discovered:
D:        linesprint [early_d, line_temple, items_1, d_10, items_2, lair_1,
          lair_end, items_3, orc_1, orc_end, items_4, d_15, swamp_1, shoals_1,
          snake_1, spider_1, d_20, vaults_1, items_5, swamp_end, shoals_end,
          snake_end, spider_end, vaults_end, d_27, items_6, zot_1, zot_end,
          crypt_end, forest_end, elf_end, slime_end, tomb_end, abyss_end,
          pan_hell_end]

Skill      XL: |  1  2  3  4  5  6  7  8  9 10 |
---------------+-------------------------------+-----
Earth Magic    | 4 6 7 9 10 13 14 15 17 | 17.1
Stealth        | 3 |  3.1
Dodging        | 2 3 4 5 6 |  6.0
Spellcasting   | 3 4 5 6 10 11 13 14 | 14.9
Transmutations | 1 |  1.0
Fighting       | 1 2 3 4 |  4.7
Maces & Flails | 1 3 4 5 |  5.0
Evocations     | 1 |  1.6

Action                   |  1- 3 |  4- 6 |  7- 9 | 10-12 || total
-------------------------+-------+-------+-------+-------++-------
Melee: Unarmed           |     2 |       |       |       ||     2
       Club              |       |     3 |       |       ||     3
       Morningstar       |       |     3 |       |       ||     3
 Cast: Sandblast         |    12 |     3 |     4 |    10 ||    29
       Lee's Rapid Decon |       |     6 |    13 |    12 ||    31
       Stone Arrow       |       |       |     2 |       ||     2
Evoke: Wand              |       |       |     3 |       ||     3
  Use: Potion            |     1 |       |       |     2 ||     3
Armor: Robe              |     6 |     2 |     4 |     5 ||    17
Dodge: Dodged            |    24 |     9 |    12 |    18 ||    63

Table legend: (Time is in decaauts)
 A = Elapsed time spent in this place.
 B = Non-inter-level travel time spent in this place.
 C = Inter-level travel time spent in this place.
 D = Time resting spent in this place.
 E = Time spent auto-exploring this place.
 F = Levels seen in this place.
 G = Mean time per level.
                   A        B        C        D        E       F      G
               +--------+--------+--------+--------+--------+-----+--------+
         Total |   2322 |   2322 |      0 |   1276 |    532 |   1 | 2322.0 |
       Dungeon |   2322 |   2322 |      0 |   1276 |    532 |   1 | 2322.0 |
               +--------+--------+--------+--------+--------+-----+--------+

Top non-repeatable levels by time:
       D: 2322 daAuts
